 Dungeon Crawl Stone Soup version 0.31.0-11-ge490571c62 (webtiles) character file.

Game seed: 10884778282544145058

1365 browni3141 the Cleaver (level 8, 0/74 HPs)
             Began as a Minotaur Fighter on Jan 27, 2024.
             Slain by an orc warrior
             ... wielding a +0 battleaxe
              (9 damage)
             ... on level 6 of the Dungeon.
             The game lasted 00:02:27 (3294 turns).

browni3141 the Cleaver (Minotaur Fighter)           Turns: 3294, Time: 00:02:28

Health: 0/74       AC:  6    Str: 23    XL:     8   Next: 38%
Magic:  7/7        EV:  9    Int:  5    God:
Gold:   211        SH:  4    Dex: 10    Spells: 7/7 levels left

rFire   . . .        a - +0 war axe
rCold   . . .        c - +0 buckler
rNeg    . . .        b - +0 scale mail
rPois   .            (helmet restricted)
rElec   .            (no cloak)
rCorr   .            (no gloves)
SInv    .            (no boots)
Will    ++...        (no amulet) Stlth
                     e - ring of willpower
HPRegen 0.32/turn    l - ring of willpower
MPRegen 0.10/turn

%: no passive effects
@: no status effects
A: horns 2, retaliatory headbutt
a: no special abilities


You were on level 6 of the Dungeon.
You visited 1 branch of the dungeon, and saw 6 of its levels.
You also visited: Ossuary.

You collected 211 gold pieces.

Inventory:

Hand Weapons
 a - a +0 war axe (weapon)
Missiles
 j - a boomerang (quivered)
Armour
 b - a +0 scale mail (worn)
 c - a +0 buckler (worn)
Jewellery
 d - a ring of see invisible
 e - a ring of willpower (left hand)
 l - a ring of willpower (right hand)
 v - a ring of willpower
Wands
 y - a wand of paralysis (8)
Scrolls
 h - a scroll of butterflies
 i - 2 scrolls of fog
 n - a scroll of teleportation
 o - 2 scrolls of enchant weapon
 p - a scroll of acquirement {unknown}
 q - a scroll of revelation {unknown}
 r - a scroll of amnesia {unknown}
 t - a scroll of vulnerability {unknown}
 w - 2 scrolls of enchant armour {unknown}
 x - 3 scrolls of identify
 z - a scroll of brand weapon {unknown}
Potions
 f - 6 potions of curing
 g - a potion of haste {unknown}
 k - a potion of resistance {unknown}
 m - a potion of ambrosia {unknown}
 s - a potion of attraction {unknown}
 u - 2 potions of enlightenment {unknown}
 A - a potion of heal wounds {unknown}
 B - a potion of might


   Skills:
 + Level 8.0 Fighting
 * Level 10.3 Axes
 - Level 3.6 Armour
 - Level 3.6 Shields


You had 7 spell levels left.
You didn't know any spells.
Your spell library contained the following spells:

 Spells                   Type           Power      Damage    Failure   Level
 Necrotise                Necr           0%         1d4       85%         1
 Shock                    Conj/Air       0%         1d3       85%         1
 Dazzling Flash           Conj/Hex       0%         N/A       99%         3
 Mephitic Cloud           Conj/Alch/Air  0%         N/A       99%         3
 Summon Ice Beast         Ice/Summ       0%         N/A       99%         3
 Swiftness                Air            0%         N/A       99%         3
 Vampiric Draining        Necr           0%         2d6       99%         3
 Airstrike                Air            0%         2d(0-16)  100%        4
 Martyr's Knell           Necr/Summ      0%         N/A       100%        4
 Curse of Agony           Necr           0%         N/A       100%        5
 Silence                  Hex/Air        0%         N/A       100%        5
 Summon Forest            Summ/Tloc      0%         N/A       100%        5
 Summon Mana Viper        Hex/Summ       0%         N/A       100%        5
 Eringya's Noxious Bog    Alch           0%         4d6       100%        6
 Monstrous Menagerie      Summ           0%         N/A       100%        7
 Summon Hydra             Summ           0%         N/A       100%        7


Dungeon Overview and Level Annotations

Branches:
Dungeon (6/15)            Ossuary (visited)
 Temple: D:4-7

Altars:
Elyvilon
Qazlal
Uskayaw

Annotations:
D:1 1 transporter


Innate Abilities, Weirdness & Mutations

You have a pair of horns on your head.
You reflexively headbutt those who attack you in melee.


Message History

B - a potion of might A bombardier beetle comes into view.
A bombardier beetle is nearby!
A bombardier beetle is nearby!
A bombardier beetle is nearby!
The bombardier beetle sprays incendiary fluid at you.
You block the burning spray.
You see here a scroll labelled NAAGYQ WIKARCH.
You slash the bombardier beetle!
The bombardier beetle is moderately wounded.
The bombardier beetle bites you but does no damage.
You slash the bombardier beetle! You headbutt the bombardier beetle.
You kill the bombardier beetle!
Your Fighting skill increases to level 8!
No target in view!
No target in view!
w - 2 scrolls labelled NAAGYQ WIKARCH (gained 1)
You see here an orb of wrath.
x - 3 scrolls of identify (gained 1)
You now have 197 gold pieces (gained 15).
o - 2 scrolls of enchant weapon (gained 1)
Found a stone staircase leading down.
You now have 211 gold pieces (gained 14).
An orc comes into view. It is wielding a +0 flail.
The orc shouts!
An orc is nearby!
An orc is nearby!
An orc warrior, an orc priest and an orc come into view.
The orc warrior shouts!
The orc priest shouts!
The orc shouts!
The orc priest moves out of view.
An orc comes into view. It is wielding a +0 short sword.
The orc shouts!
The orc priest looks braver for a moment.
The orc moves out of view.
An ufetubus comes into view.
The ufetubus shouts!
You block the orc's attack.
The orc priest invokes the aid of Beogh against you.
Beogh smites you!
You slash the orc!
The orc is almost dead.
You hit the orc.
An ufetubus comes into view.
The orc hits you but does no damage.
The ufetubus shouts!
You slash the orc!
You kill the orc!
You closely miss the orc warrior. You hit the orc.
You kill the orc!
The orc warrior closely misses you.
You barely miss the orc warrior.
The orc warrior hits you but does no damage.
You hit the orc priest. You headbutt the orc priest!
You kill the orc priest!
You hit the orc warrior. You hit the orc.
The orc hits you with a +0 short sword. The orc warrior completely misses you.
You slash the orc!
You kill the orc!
You miss the ufetubus. You barely miss the orc warrior.
The ufetubus barely misses you.
The ufetubus hits you but does no damage.
The orc warrior hits you with a +0 battleaxe!
The ufetubus closely misses you. You furiously retaliate!
You headbutt the ufetubus. The ufetubus hits you.
You hit the orc warrior but do no damage.
Your headbutt misses the orc warrior.
The orc warrior is lightly wounded.
You closely miss the ufetubus. The ufetubus barely misses you.
You furiously retaliate!
You headbutt the ufetubus. The ufetubus hits you.
You block the ufetubus's attack.
The ufetubus hits you but does no damage.
The orc warrior hits you with a +0 battleaxe!
You slash the ufetubus!
You kill the ufetubus!
You hit the orc warrior but do no damage.
You hit the ufetubus. The ufetubus closely misses you.
The ufetubus barely misses you.
The orc warrior hits you with a +0 battleaxe!!
The ufetubus barely misses you. You block the ufetubus's attack.
You slash the ufetubus!
You kill the ufetubus!
You slash the orc warrior! The orc warrior closely misses you.
You hit the orc warrior but do no damage.
You headbutt the orc warrior.
The orc warrior is severely wounded.
The orc warrior barely misses you.
You closely miss the orc warrior.
The orc warrior is severely wounded.
The orc warrior closely misses you.
You barely miss the orc warrior.
The orc warrior is severely wounded.
The orc warrior hits you with a +0 battleaxe!
You barely miss the orc warrior.
The orc warrior is severely wounded.
You block the orc warrior's attack.
You hit the orc warrior but do no damage.
Your headbutt misses the orc warrior.
The orc warrior is severely wounded.
The orc warrior hits you with a +0 battleaxe!
You die...

#..#.............#..
#.##..#.##..........
#.#.....#...........
#...........#.......
###.................
#...........#.....
.........##.##.....
.........##.## ....
....... #@)# .
...... #)o......
..... .........
.#.......#
###.......#
#.......# ##.?.....
##.....


You could see an orc warrior.

Vanquished Creatures
  A black bear (D:5)
  An ogre (D:5)
  An elf zombie (Ossuary)
  4 scorpions
  2 howler monkeys (D:4)
  A bombardier beetle (D:6)
  A hound (D:5)
  A jelly (D:5)
  5 orc priests
  Jessica (D:2)
  4 scorpion zombies (Ossuary)
  A sleepcap (D:4)
  3 iguanas
  2 orc wizards (D:4)
  3 mummies (Ossuary)
  4 gnolls
  11 adders
  A shadow imp (D:5)
  A white imp (D:5)
  4 ufetubi
  4 adder zombies (Ossuary)
  A ribbon worm (D:2)
  A dart slug (D:4)
  8 orcs
  5 endoplasms
  3 giant cockroaches
  6 goblins
  5 hobgoblins
  A quokka (D:3)
  7 ball pythons
  2 bats (D:1)
  6 jackal zombies (Ossuary)
  2 kobolds (D:4)
  2 kobold zombies (Ossuary)
  3 rats
108 creatures vanquished.

Notes
Turn   | Place    | Note
-------+----------+-------------------------------------------
     0 | D:1      | browni3141 the Minotaur Fighter began the quest for the
                  | Orb.
     0 | D:1      | Reached XP level 1. HP: 19/19 MP: 0/0
   231 | D:1      | Reached skill level 3 in Axes
   237 | D:1      | Reached XP level 2. HP: 27/27 MP: 1/1
   541 | D:2      | Reached XP level 3. HP: 31/33 MP: 2/2
   576 | D:2      | Reached skill level 4 in Axes
   582 | D:2      | Identified the +6 mace of Nit Note {venom, ^Fragile rC++
                  | Stlth+}
   683 | D:2      | Noticed Jessica
   691 | D:2      | Killed Jessica
   692 | D:2      | Reached XP level 4. HP: 23/41 MP: 3/3
  1014 | D:3      | Reached skill level 5 in Axes
  1043 | D:3      | Found a hide-covered altar of Uskayaw.
  1179 | D:4      | Reached skill level 5 in Fighting
  1179 | D:4      | Reached XP level 5. HP: 48/48 MP: 4/4
  1219 | D:4      | Found a stormy altar of Qazlal.
  1236 | D:4      | Found a sand-covered staircase.
  1300 | D:4      | Reached skill level 6 in Axes
  1329 | Ossuary  | Entered an ossuary
  1336 | Ossuary  | Reached XP level 6. HP: 52/56 MP: 5/5
  1595 | Ossuary  | Reached skill level 7 in Axes
  1648 | Ossuary  | Reached XP level 7. HP: 50/64 MP: 6/6
  1759 | D:4      | Reached skill level 8 in Axes
  1772 | D:4      | Found a white marble altar of Elyvilon.
  2368 | D:5      | Entered Level 5 of the Dungeon
  2381 | D:5      | Reached skill level 9 in Axes
  2592 | D:5      | Reached XP level 8. HP: 70/73 MP: 7/7
  3085 | D:6      | Reached skill level 10 in Axes
  3294 | D:6      | Slain by an orc warrior

Illustrated notes

Levels and vault maps discovered:
D:1:      spicycebolla_arrival_risky_transporter, layout_loops_ring
D:2:      layout_basic, uniq_terence, uniq_robin, uniq_jessica
D:3:      layout_loops_ring, nicolae_uskayaw_murder_on_the_dancefloor,
          uniq_natasha
D:4:      layout_loops_ring, kennysheep_little_box, elyvilon_altar_5,
          lightli_ossuary_entry_decrepit_ruins
D:5:      layout_rooms, st_stairs_6, hangedman_abyss_or_decor_passed,
          amcnicky_mini_rare_corridor_liquid
D:6:      layout_cave_pools, lemuel_temple_firewalk_b, uniq_pikel

Skill      XL: |  1  2  3  4  5  6  7  8 |
---------------+-------------------------+-----
Axes           | 3 4 5 6 7 9 10 | 10.3
Fighting       | 4 5 6 7 8 |  8.0
Armour         | |  3.6
Shields        | |  3.6

Action                     |  1- 3 |  4- 6 |  7- 9 || total
---------------------------+-------+-------+-------++-------
  Melee: War axe           |    44 |   118 |   107 ||   269
         Headbutt          |     1 |    18 |    16 ||    35
    Use: Scroll            |       |       |     4 ||     4
         Potion            |       |       |     2 ||     2
 Armour: Scale mail        |    30 |    80 |    92 ||   202
  Dodge: Dodged            |    18 |    60 |    62 ||   140
  Block: Buckler           |    13 |    32 |    27 ||    72
